 Dungeon Crawl Stone Soup version 0.28.0-43-g3370ac3207 (webtiles) character file.

Game seed: 3562348530011563245

31556 ZappyNine the Thaumaturge (level 13, 0/127 HPs)
             Began as a Purple Draconian Conjurer on Mar 31, 2022.
             Was the Champion of Jiyva.
             Slain by a catoblepas (30 damage)
             ... on level 2 of the Lair of Beasts on Apr 1, 2022.
             The game lasted 00:42:05 (17835 turns).

ZappyNine the Thaumaturge (DrCj)                   Turns: 17835, Time: 00:42:05

Health: 0/127      AC: 10    Str: 10    XL:     13   Next: 26%
Magic:  28/28      EV: 32    Int: 23    God:    Jiyva [******]
Gold:   603        SH:  7    Dex: 10    Spells: 21/34 levels left

rFire   + . .      SeeInvis +   n - +3 spear (venom)
rCold   . . .      Faith    .   A - +2 buckler
rNeg    . . .      Spirit   .   (armour unavailable)
rPois   .          Reflect  .   (helmet restricted)
rElec   .          Harm     .   (no cloak)
rCorr   +          Rampage  .   x - +0 pair of gloves
Will    +....      Rage     1%  m - +0 pair of boots
Stlth   ++........              d - amulet of the acrobat
HPRegen 1.91/turn               u - +4 ring of evasion
MPRegen 0.71/turn               f - ring of protection from fire

@: short of breath, acrobatic
A: breathe power, AC +8, unfitting armour, cold-blooded, berserk 1, sense
surroundings 3, robust 1, acidic bite, eyeballs 3, pseudopods 1, evolution 1
a: Breathe Dispelling Energy, Renounce Religion, Oozemancy, Slimify


You were on level 2 of the Lair of Beasts.
You worshipped Jiyva.
Jiyva was exalted by your worship.
You visited 2 branches of the dungeon, and saw 16 of its levels.
You also visited: Sewer and Ossuary.

You collected 735 gold pieces.
You spent 132 gold pieces at shops.

Inventory:

Hand Weapons
 n - a +3 spear of venom (weapon)
Missiles
 D - 2 throwing nets
Armour
 l - a +2 hat
 m - a +0 pair of boots (worn)
 w - an orb of light
 x - a +0 pair of gloves (worn)
 A - a +2 buckler (worn)
Jewellery
 d - an amulet of the acrobat (around neck)
 f - a ring of protection from fire (right hand)
 q - a ring of wizardry
 u - a +4 ring of evasion (left hand)
Wands
 e - a wand of paralysis (6)
 E - a wand of iceblast (9)
 G - a wand of flame (7)
Scrolls
 b - a scroll of magic mapping
 h - a scroll of fog
 i - 3 scrolls of teleportation
 o - 2 scrolls of amnesia
 r - a scroll of silence
 s - a scroll of fear
 v - a scroll of brand weapon
 y - 2 scrolls of noise
Potions
 a - 5 potions of flight
 c - a potion of attraction
 g - a potion of invisibility
 j - 6 potions of curing
 k - a potion of heal wounds
 p - 4 potions of lignification
 t - a potion of ambrosia
 z - 2 potions of might
 B - a potion of brilliance
 C - a potion of degeneration {unknown}


   Skills:
 - Level 11.0 Fighting
 - Level 9.4 Polearms
 + Level 7.0 Dodging
 - Level 1.7 Stealth
 - Level 5.0 Shields
 - Level 11.2 Spellcasting
 - Level 10.8 Conjurations
 - Level 5.1 Hexes
 - Level 6.2 Translocations


You had 21 spell levels left.
You knew the following spells:

 Your Spells              Type           Power      Damage    Failure   Level
a - Fulminant Prism       Conj/Hex       24%        3d13      2%          4
b - Searing Ray           Conj           100%       2d8       1%          2
c - Dazzling Flash        Conj/Hex       98%        N/A       1%          3
d - Iskenderun's Mystic   Conj/Tloc      51%        2d11      1%          4

Your spell library contained the following spells:

 Spells                   Type           Power      Damage    Failure   Level
 Magic Dart               Conj           100%       1d8       1%          1
 Shock                    Conj/Air       100%       1d9       1%          1
 Swiftness                Air            12%        N/A       19%         3
 Airstrike                Air            6%         N/A       54%         4


Dungeon Overview and Level Annotations

Branches:
Dungeon (13/15)            Temple (0/1) D:5            Lair (3/6) D:9
  Snake (0/4) Lair:3          Orc (0/2) D:9          Vaults (0/5) D:13
  Sewer (visited)         Ossuary (visited)
  Swamp: Lair:2-4    Shoals: Lair:2-4

Altars:
Cheibriados
Fedhas
Gozag
Makhleb
Okawaru
Sif Muna
Uskayaw

Shops:
D:3 !

Annotations:
D:12 1 runed translucent door, GilGalad's ghost, journeyman OpFE
Lair:1 exclusion: ice statue


Innate Abilities, Weirdness & Mutations

You can breathe bolts of dispelling energy.
Your rich purple scales are hard. (AC +8)
You cannot fit into any form of body armour.
You are cold-blooded and may be slowed by cold attacks.
You tend to lose your temper in combat.
You passively map a large area around you.
You are robust. (+10% HP)
You have acidic saliva.
Your body is covered in eyes which may confuse attackers. (Acc +7, SInv)
Armour fits poorly on your pseudopods.
You have hidden genetic potential.


Message History

Your limbs are stiffening.
Unknown command.
Aiming: Breathe Dispelling Energy (2% risk of failure)
Press: ? - help, Shift-Dir - straight line, f - yak
Aim: a yak (moderately wounded, very poisoned, 75% to hit)
You breathe a bolt of dispelling energy.
The bolt of dispelling energy hits the catoblepas.
The catoblepas is lightly wounded.
The bolt of dispelling energy hits the yak!
The yak is severely wounded.
The catoblepas breathes a plume of calcifying dust at you.
The blast of calcifying dust hits you but does no damage.
The catoblepas barely misses you.
You have turned to stone.
You are engulfed in calcifying dust.
The yak seems less confused.
The yak is engulfed in calcifying dust.
The yak is moving more slowly.
The yak barely misses you. The catoblepas gores you!!
You are engulfed in calcifying dust.
The yak gores you but does no damage.
The eyeballs on your body gaze at the yak.
The catoblepas gores you.
You are engulfed in calcifying dust.
The catoblepas gores you!
You are engulfed in calcifying dust.
The catoblepas gores you!!
* * * LOW HITPOINT WARNING * * *
The yak gores you.
The yak stops moving altogether!
The catoblepas gores you but does no damage.
The yak gores you.
* * * LOW HITPOINT WARNING * * *
The eyeballs on your body gaze at the yak.
The catoblepas gores you.
* * * LOW HITPOINT WARNING * * *
The yak gores you but does no damage. The catoblepas gores you!
* * * LOW HITPOINT WARNING * * *
The yak barely misses you.
The yak seems less confused.
The catoblepas gores you.
* * * LOW HITPOINT WARNING * * *
You turn to flesh and can move again.
Unknown command.
The catoblepas gores you!!
You die...

.............##........<.........
...#.............................
...######........................
P.## #......J.................
...# ##...P###J.......P####.#..
#..# #...### ##.....#### ##.#.
#.## ##..## #.......## ##.. ...#
#...P####........## ##. #.##
##...##.#@.......P# #P. ...#
##.>.......Y......## ### #.##
##........Y..>Y.....# #
#.P###.........##.......## #
#..............###....###
####...##....#.# ##...#
##>...........####..##
##...................###
#......................#


You could see a catoblepas (very poisoned) and 2 yaks.

Vanquished Creatures
  3 vault guards
  A boulder beetle (Lair:2)
  4 hydras
  2 centaur warriors (D:13)
  Erica (D:11)
  2 two-headed ogres
  A tengu warrior (D:13)
  A cyclops (D:13)
  An ugly thing (D:13)
  A manticore (D:12)
  5 elephants (Lair:2)
  2 black mambas (Lair:2)
  2 gargoyles
  A rime drake (Lair:1)
  3 unseen horrors
  3 kobold demonologists
  7 cane toads
  An efreet (D:13)
  2 ice devils (Lair:1)
  4 komodo dragons
  5 yaktaurs (D:13)
  The ghost of pkoi the Gusty, a novice DEAE (D:6)
  An entropy weaver simulacrum (Lair:1)
  3 trolls
  Sigmund (D:3)
  A wraith (D:11)
  3 shadows
  A vampire (D:12)
  13 yaks
  A wyvern (D:9)
  6 basilisks
  Menkaure (D:4)
  A steam dragon (D:6)
  4 vampire mosquitoes
  A harpy simulacrum (Lair:1)
  An acid dragon (D:12)
  8 water moccasins
  2 ice beasts (D:8)
  3 orc warriors
  4 ogres
  10 centaurs
  5 wolves (Lair:1)
  5 kobold brigands
  A gnoll sergeant (D:12)
  4 bullfrogs
  A two-headed ogre simulacrum (Lair:1)
  2 scorpions
  A water moccasin zombie (D:5)
  A cane toad simulacrum (Lair:1)
  10 killer bees
  11 wights
  2 howler monkeys (D:13)
  A lava snake (D:7)
  A hound (D:6)
  7 jellies
  A bullfrog skeleton (D:6)
  A centaur skeleton (D:6)
  An orc priest (D:6)
  Jessica (D:3)
  A gnoll shaman (D:5)
  2 iguanas
  3 orc wizards
  A polar bear simulacrum (Lair:1)
  2 troll simulacra (Lair:1)
  A hound skeleton (D:3)
  8 mummies (Ossuary)
  23 gnolls
  5 adders
  A naga simulacrum (Lair:1)
  4 river rats
  A worm (Sewer)
  3 dart slugs
  18 orcs
  12 endoplasms
  5 giant cockroaches
  3 gnoll zombies (Ossuary)
  4 goblins
  6 hobgoblins
  4 jackals (D:5)
  29 kobolds
  A quokka (D:1)
  14 ball pythons
  A bat (D:2)
  5 frilled lizards
  2 hobgoblin zombies (Ossuary)
  A jackal skeleton (D:4)
  A kobold zombie (Ossuary)
  2 orc zombies (Ossuary)
  12 rats
349 creatures vanquished.

Vanquished Creatures (collateral kills)
  Gastronok (D:12)
  A cyclops (D:12)
  A vampire (D:12)
3 creatures vanquished.

Vanquished Creatures (others)
  A centaur warrior (D:13)
  2 manticores (D:13)
  3 trolls
  2 slime creatures (D:12)
  A polar bear (shapeshifter) (D:13)
  2 yaks (Lair:1)
  A basilisk (Lair:1)
  3 water moccasins
  A black bear (D:6)
  A centaur (D:7)
  A kobold brigand (D:13)
  A gnoll sergeant (D:11)
  A bullfrog (Lair:1)
  2 killer bees (D:10)
  58 jellies
  3 wights (D:8)
  A gnoll (D:5)
  2 adders (D:5)
  5 orcs
  A kobold (D:13)
  74 fulminant prisms
  25 fungi
  31 plants
222 creatures vanquished.

Grand Total: 574 creatures vanquished

Notes
Turn   | Place    | Note
-------+----------+-------------------------------------------
     0 | D:1      | ZappyNine the Draconian Conjurer began the quest for the
                  | Orb.
     0 | D:1      | Reached XP level 1. HP: 14/14 MP: 3/3
   340 | D:1      | Reached skill level 1 in Fighting
   340 | D:1      | Reached XP level 2. HP: 21/23 MP: 5/5
   343 | D:1      | Learned a level 2 spell: Searing Ray
  1572 | D:1      | Found a faded altar of an unknown god.
  1629 | D:2      | Reached XP level 3. HP: 28/28 MP: 6/6
  2431 | D:3      | Found Soewniy's Distillery.
  2456 | D:3      | Reached XP level 4. HP: 36/36 MP: 3/8
  2752 | D:3      | Bought a potion of berserk rage for 55 gold pieces
  2752 | D:3      | Bought a potion of might for 44 gold pieces
  2752 | D:3      | Bought a potion of curing for 33 gold pieces
  2997 | D:3      | Noticed Sigmund
  3012 | D:3      | Killed Sigmund
  3013 | D:3      | Reached skill level 5 in Conjurations
  3013 | D:3      | Reached XP level 5. HP: 40/45 MP: 0/10
  3106 | D:3      | Reached XP level 6. HP: 51/51 MP: 11/11
  3263 | D:3      | Noticed Jessica
  3270 | D:3      | Killed Jessica
  3464 | D:4      | Found a sand-covered staircase.
  3480 | D:4      | Reached skill level 1 in Polearms
  3547 | D:4      | Learned a level 4 spell: Fulminant Prism
  3548 | Ossuary  | Entered an ossuary
  3982 | Ossuary  | Your scales start taking on a rich purple colour.
  3982 | Ossuary  | Reached skill level 5 in Spellcasting
  3982 | Ossuary  | Reached XP level 7. HP: 59/59 MP: 8/14
  4038 | Ossuary  | Reached skill level 1 in Hexes
  4280 | D:4      | Noticed Menkaure
  4308 | D:4      | Killed Menkaure
  4991 | D:4      | Found a hide-covered altar of Uskayaw.
  5270 | D:4      | Reached skill level 5 in Hexes
  5293 | D:4      | Learned a level 3 spell: Dazzling Flash
  5566 | D:5      | Entered Level 5 of the Dungeon
  5697 | D:5      | Found a glowing drain.
  5744 | Sewer    | Entered a sewer
  5813 | Sewer    | Learned a level 4 spell: Iskenderun's Mystic Blast
  5909 | Sewer    | Reached skill level 1 in Translocations
  5909 | Sewer    | Reached XP level 8. HP: 27/67 MP: 4/15
  6128 | Sewer    | Found a viscous altar of Jiyva.
  6175 | Sewer    | Became a worshipper of Jiyva Jitwimn the Shapeless
  6530 | D:5      | Reached skill level 5 in Translocations
  6940 | D:5      | Reached * piety under Jiyva
  7183 | D:5      | Found a staircase to the Ecumenical Temple.
  7565 | D:6      | Found a runed translucent gate.
  7567 | D:6      | Found a runed translucent gate.
  7568 | D:6      | Found a runed translucent gate.
  7572 | D:6      | Noticed pkoi's ghost (novice DEAE)
  7604 | D:6      | Reached XP level 9. HP: 73/73 MP: 1/17
  7693 | D:6      | Reached ** piety under Jiyva
  8510 | D:6      | Killed pkoi's ghost
  8654 | D:7      | Reached skill level 5 in Shields
  8675 | D:7      | Reached skill level 5 in Fighting
  8932 | D:7      | Found a burning altar of Makhleb.
  8965 | D:7      | Reached *** piety under Jiyva
  9394 | D:8      | Found an opulent altar of Gozag.
  9394 | D:8      | Found a blossoming altar of Fedhas.
  9399 | D:8      | Found a snail-covered altar of Cheibriados.
  9399 | D:8      | Found an iron altar of Okawaru.
  9592 | D:8      | Gained mutation: You are covered in slimy tendrils that may
                  | disarm your opponents. [Jiyva's grace]
  9592 | D:8      | Gained mutation: Armour fits poorly on your pseudopods.
                  | [Jiyva's grace]
  9592 | D:8      | Gained mutation: Armour fits poorly on your large
                  | pseudopods. [Jiyva's grace]
  9592 | D:8      | Gained mutation: Armour fits poorly on your massive
                  | pseudopods. [Jiyva's grace]
  9695 | D:8      | Found a shimmering blue altar of Sif Muna.
  9990 | D:8      | Reached **** piety under Jiyva
 10114 | D:8      | Reached XP level 10. HP: 83/83 MP: 18/20
 10239 | D:9      | Noticed a gargoyle
 10258 | D:8      | Killed a gargoyle
 10681 | D:9      | Noticed a two-headed ogre
 10690 | D:9      | Reached skill level 5 in Polearms
 10928 | D:8      | Identified the +4 plate armour of Restlessness {+Inv}
 11323 | D:8      | Lost mutation: Armour fits poorly on your massive
                  | pseudopods. [potion of mutation]
 11323 | D:8      | Lost mutation: Armour fits poorly on your large pseudopods.
                  | [potion of mutation]
 11323 | D:8      | Gained mutation: You occasionally shout uncontrollably at
                  | your foes. [potion of mutation]
 11323 | D:8      | Gained mutation: Your spells are a little easier to cast,
                  | but a little less powerful. [potion of mutation]
 11323 | D:8      | Gained mutation: You are agile. (Dex +2) [potion of
                  | mutation]
 11325 | D:8      | Lost mutation: You occasionally shout uncontrollably at
                  | your foes. [potion of mutation]
 11325 | D:8      | Lost mutation: Armour fits poorly on your pseudopods.
                  | [potion of mutation]
 11325 | D:8      | Lost mutation: You are agile. (Dex +2) [potion of mutation]
 11325 | D:8      | Gained mutation: You are agile. (Dex +2) [potion of
                  | mutation]
 11325 | D:8      | Gained mutation: You expend magic power (3 MP) to
                  | strengthen your wands. [potion of mutation]
 11325 | D:8      | Gained mutation: You have hidden genetic defects. [potion
                  | of mutation]
 11325 | D:8      | Gained mutation: Your mind is acute. (Int +2) [potion of
                  | mutation]
 11326 | D:8      | Lost mutation: You have hidden genetic defects. [potion of
                  | mutation]
 11326 | D:8      | Lost mutation: You are covered in slimy tendrils that may
                  | disarm your opponents. [potion of mutation]
 11326 | D:8      | Lost mutation: Your mind is acute. (Int +2) [potion of
                  | mutation]
 11326 | D:8      | Gained mutation: You have an increased reservoir of magic.
                  | (+10% MP) [potion of mutation]
 11326 | D:8      | Gained mutation: You have sharp toenails. [potion of
                  | mutation]
 11326 | D:8      | Lost mutation: You are agile. (Dex +2) [potion of mutation]
 11523 | D:9      | Reached ***** piety under Jiyva
 11524 | D:9      | Found a staircase to the Lair.
 11565 | D:9      | Lost mutation: You have sharp toenails. [Jiyva's grace]
 11565 | D:9      | Gained mutation: Armour fits poorly on your pseudopods.
                  | [Jiyva's grace]
 11565 | D:9      | Gained mutation: Armour fits poorly on your large
                  | pseudopods. [Jiyva's grace]
 11565 | D:9      | Gained mutation: Armour fits poorly on your massive
                  | pseudopods. [Jiyva's grace]
 11565 | D:9      | Gained mutation: Your translucent skin slightly reduces
                  | your foes' accuracy. (Stealth+) [Jiyva's grace]
 11581 | D:9      | Killed a two-headed ogre
 11659 | D:9      | Found a staircase to the Orcish Mines.
 11690 | Lair:1   | Entered Level 1 of the Lair of Beasts
 11829 | D:10     | Entered Level 10 of the Dungeon
 12606 | D:11     | Noticed a gargoyle
 12620 | D:11     | Killed a gargoyle
 12621 | D:11     | Reached XP level 11. HP: 61/94 MP: 12/25
 12626 | D:11     | Noticed a six-headed hydra
 12658 | D:10     | Killed a six-headed hydra
 13023 | D:11     | Noticed a four-headed hydra
 13034 | D:11     | Killed a four-headed hydra
 13148 | D:11     | Reached ****** piety under Jiyva
 13201 | D:11     | Lost mutation: Armour fits poorly on your massive
                  | pseudopods. [Jiyva's grace]
 13201 | D:11     | Lost mutation: Your translucent skin slightly reduces your
                  | foes' accuracy. (Stealth+) [Jiyva's grace]
 13201 | D:11     | Gained mutation: You are robust. (+10% HP) [Jiyva's grace]
 13201 | D:11     | Gained mutation: You are very robust. (+20% HP) [Jiyva's
                  | grace]
 13201 | D:11     | Gained mutation: You are extremely robust. (+30% HP)
                  | [Jiyva's grace]
 13201 | D:11     | Lost mutation: Your spells are a little easier to cast, but
                  | a little less powerful. [Jiyva's grace]
 13365 | D:11     | Noticed Erica
 13384 | D:11     | Was placed under penance by Jiyva
 13388 | D:11     | Killed Erica
 13652 | D:10     | Lost mutation: Armour fits poorly on your large pseudopods.
                  | [the all-consuming vengeance of Jiyva]
 13666 | D:10     | Gained mutation: You are clumsy. (Dex -2) [the
                  | all-consuming vengeance of Jiyva]
 13666 | D:10     | Gained mutation: You tend to lose your temper in combat.
                  | [the all-consuming vengeance of Jiyva]
 13666 | D:10     | Lost mutation: You have an increased reservoir of magic.
                  | (+10% MP) [the all-consuming vengeance of Jiyva]
 13666 | D:10     | Was forgiven by Jiyva
 13734 | D:12     | Noticed a two-headed ogre
 13747 | D:12     | Killed a two-headed ogre
 13879 | D:12     | Noticed Gastronok
 13893 | D:12     | Killed Gastronok
 14338 | D:12     | Noticed GilGalad's ghost (journeyman OpFE)
 14339 | D:12     | Found a runed translucent door.
 14340 | D:12     | Identified the +2 spear of Pamupem {drain, rPois}
 14340 | D:12     | Noticed a spriggan rider
 14434 | D:12     | Reached skill level 10 in Spellcasting
 14604 | D:13     | Noticed a tengu warrior
 14627 | D:13     | Killed a tengu warrior
 14628 | D:13     | Reached XP level 12. HP: 87/137 MP: 21/26
 14631 | D:13     | Noticed a centaur warrior
 14646 | D:13     | Killed a centaur warrior
 14730 | D:13     | Noticed a vault guard
 14730 | D:13     | Noticed a vault guard
 14731 | D:13     | Noticed a vault guard
 14731 | D:13     | Noticed a centaur warrior
 14731 | D:13     | Noticed a centaur warrior
 14732 | D:13     | Found a gate to the Vaults.
 14732 | D:13     | Noticed a vault guard
 14753 | D:13     | HP: 3/137 [vault guard/+0 glaive (9)]
 14770 | D:13     | Killed a vault guard
 14849 | D:13     | Killed a centaur warrior
 14850 | D:13     | Reached skill level 10 in Fighting
 14850 | D:13     | Reached skill level 10 in Conjurations
 14859 | D:13     | Killed a vault guard
 14901 | D:12     | Killed a vault guard
 14969 | D:13     | Slimified a vault guard
 14969 | D:13     | Noticed an azure jelly
 14969 | D:13     | a vault guard changed into an azure jelly
 14972 | D:13     | Killed a centaur warrior
 15777 | Lair:1   | Noticed a four-headed hydra
 15791 | Lair:1   | Killed a four-headed hydra
 15863 | Lair:1   | Lost mutation: You expend magic power (3 MP) to strengthen
                  | your wands. [Jiyva's grace]
 15863 | Lair:1   | Gained mutation: Your body has grown eyes which may confuse
                  | attackers. (Acc +3) [Jiyva's grace]
 15863 | Lair:1   | Gained mutation: Your body has grown many eyes which may
                  | confuse attackers. (Acc +5) [Jiyva's grace]
 15863 | Lair:1   | Gained mutation: Your body is covered in eyes which may
                  | confuse attackers. (Acc +7, SInv) [Jiyva's grace]
 15863 | Lair:1   | Gained mutation: You have hidden genetic potential.
                  | [Jiyva's grace]
 17052 | Lair:2   | Noticed a boulder beetle
 17083 | Lair:2   | Reached XP level 13. HP: 144/150 MP: 9/28
 17111 | Lair:2   | Reached skill level 5 in Dodging
 17647 | Lair:2   | Lost mutation: You are clumsy. (Dex -2) [Jiyva's grace]
 17647 | Lair:2   | Lost mutation: You are extremely robust. (+30% HP) [Jiyva's
                  | grace]
 17647 | Lair:2   | Lost mutation: You are very robust. (+20% HP) [Jiyva's
                  | grace]
 17647 | Lair:2   | Gained mutation: You have acidic saliva. [Jiyva's grace]
 17647 | Lair:2   | Gained mutation: You passively map a small area around you.
                  | [Jiyva's grace]
 17647 | Lair:2   | Gained mutation: You passively map the area around you.
                  | [Jiyva's grace]
 17647 | Lair:2   | Gained mutation: You passively map a large area around you.
                  | [Jiyva's grace]
 17835 | Lair:2   | Slain by a catoblepas

Illustrated notes

Levels and vault maps discovered:
D:1:      scummos_arrival_simple_fountains, layout_basic,
          shapermc_ecumenical_altar_hornbeckon
D:2:      layout_loops_cross
D:3:      layout_basic, serial_shops, shop_coins, uniq_jessica, uniq_sigmund
D:4:      layout_basic, nicolae_uskayaw_suspiria, nicolae_ossuary_entry_plus,
          uniq_menkaure
D:5:      layout_basic, temple_hall, lightli_sewer_entry_pipes,
          kennysheep_generic_room_14
D:6:      layout_cave_pods, ebering_ghost_rock_garden
D:7:      layout_loops_ring, mainiacjoe_overflow_alcove_2, kennysheep_diamond
D:8:      layout_basic, grunt_temple_overflow_open
D:9:      layout_cross, david_lair_generic, orc_0_dummy
D:10:     layout_stronghold, chequers_serial_rivers_small_b
D:11:     layout_small_grid, uniq_erica
D:12:     layout_cave_pools, ebering_ghost_funeral_grove, uniq_gastronok
D:13:     layout_rooms, lightli_vaults_fourway_checkpoint
Lair:1:   dreamdust_isle_of_ice, layout_layer_cave
Lair:2:   layout_gridlike
Lair:3:   hellmonk_destroyed_diamonds, layout_layer_cave,
          nicolae_swamp_entry_splash_gauntlet, dummy_snake_entry,
          portal_ice_cave_demonic_guard, grunt_megastairs_3,
          serial_bayou_shore_a

Skill      XL: |  1  2  3  4  5  6  7  8  9 10 11 12 13 |
---------------+----------------------------------------+-----
Fighting       | 1 2 3 4 6 7 9 11 | 11.0
Spellcasting   | 3 5 6 8 10 11 | 11.2
Conjurations   | 5 6 8 9 10 | 10.8
Polearms       | 1 2 4 6 8 9 |  9.4
Hexes          | 5 |  5.1
Translocations | 1 6 |  6.2
Shields        | 2 5 |  5.0
Dodging        | 4 7 |  7.0
Stealth        | |  1.7

Action                   |  1- 3 |  4- 6 |  7- 9 | 10-12 | 13-15 || total
-------------------------+-------+-------+-------+-------+-------++-------
Melee: Unarmed           |    17 |       |       |       |       ||    17
       Spear             |   136 |   127 |   350 |   539 |   135 ||  1287
       Tailslap          |    11 |    24 |    55 |   107 |    36 ||   233
       Punch             |     1 |     2 |     1 |       |       ||     4
       Pseudopods        |       |       |    12 |   151 |    39 ||   202
       Bite              |       |       |       |       |     5 ||     5
 Cast: Magic Dart        |     9 |     1 |       |       |       ||    10
       Searing Ray       |     2 |    10 |    15 |    20 |       ||    47
       Fulminant Prism   |       |       |    23 |    50 |     2 ||    75
       Iskenderun's Myst |       |       |    16 |    77 |     6 ||    99
       Dazzling Flash    |       |       |     1 |     1 |       ||     2
Invok: Slimify           |       |       |       |     1 |       ||     1
 Abil: Breathe Dispellin |       |       |     3 |     6 |     1 ||    10
  Use: Scroll            |       |     5 |       |    18 |       ||    23
       Potion            |       |     2 |     4 |     7 |       ||    13
 Stab: Sleeping          |     5 |       |     3 |     2 |       ||    10
       Invisible         |       |       |     1 |       |       ||     1
       Distracted        |       |       |       |     1 |       ||     1
       Confused          |       |       |       |     3 |     9 ||    12
Armor: Skin              |    42 |    19 |   101 |   146 |    34 ||   342
Dodge: Dodged            |   101 |    69 |   208 |   374 |    50 ||   802
Block: Buckler           |       |       |    37 |   174 |    23 ||   234
